 Dungeon Crawl Stone Soup version 0.31-a0-868-g674d60d6f7 (webtiles) character file.

Game seed: 7357533815890026069

900 iguanaiguana the Mimic (level 7, -1/67 HPs)
             Began as a Troll Shapeshifter on Oct 12, 2023.
             Slain by a gnoll sergeant
             ... wielding a +1 spear of venom
              (4 damage)
             ... on level 5 of the Dungeon.
             The game lasted 00:10:04 (4245 turns).

iguanaiguana the Mimic (Troll Shapeshifter)         Turns: 4245, Time: 00:10:05

Health: -1/67      AC:  4    Str: 25    XL:     7   Next: 79%
Magic:  0/6        EV:  9    Int:  6    God:
Gold:   494        SH:  0    Dex:  9    Spells: 6/6 levels left

rFire   . .          .
                       - Unarmed
rCold   . . .        (shield currently unavailable)
rNeg    . . .        a - +0 animal skin
rPois   .            (helmet restricted)
rElec   .            (no cloak)
rCorr   .            (gloves unavailable)
SInv    .            (boots unavailable)
Will    +....        l - amulet of guardian spirit
Stlth   +            (no ring)
HPRegen 1.11/turn    (no ring)
MPRegen 0.10/turn

%: guardian spirit
@: lethally poisoned (-1 -> -15), flux-form, enlightened, flying, glowing
A: glow, contaminating, large, unfitting armour, claws 3, regeneration 1, shaggy
fur 1, tough skin 1
a: Begin Untransformation


You were on level 5 of the Dungeon.
You were something dangerously unstable.
You visited 1 branch of the dungeon, and saw 5 of its levels.
You also visited: Ossuary.

You collected 494 gold pieces.

Inventory:

Missiles
 f - 7 boomerangs
Armour
 a - a +0 animal skin (worn)
 n - a scarf of repulsion
 q - a +0 tower shield
Jewellery
 l - an amulet of guardian spirit (around neck)
 r - an amulet of the acrobat
Talismans
 c - a beast talisman
 d - a flux talisman (active)
Wands
 B - a wand of roots (4)
 D - a wand of paralysis (8)
Scrolls
 e - a scroll of summoning {unknown}
 g - a scroll of enchant weapon {unknown}
 h - 3 scrolls of enchant armour {unknown}
 i - 6 scrolls of identify {unknown}
 m - a scroll of noise {unknown}
 s - 2 scrolls of vulnerability {unknown}
 t - 2 scrolls of blinking {unknown}
 u - 2 scrolls of revelation {unknown}
 y - a scroll of amnesia {unknown}
 A - a scroll of immolation {unknown}
 E - a scroll of brand weapon {unknown}
 G - a scroll of fear {unknown}
Potions
 b - a potion of lignification
 j - 3 potions of enlightenment
 k - 2 potions of brilliance {unknown}
 o - 4 potions of heal wounds {unknown}
 p - a potion of resistance {unknown}
 v - 2 potions of curing {unknown}
 w - 2 potions of cancellation {unknown}
 x - 2 potions of haste {unknown}
 z - a potion of berserk rage {unknown}
 C - a potion of degeneration {unknown}
 F - a potion of might {unknown}


   Skills:
 - Level 3.0 Fighting
 - Level 1.5 Dodging
 - Level 3.0 Unarmed Combat
 + Level 8.1 Shapeshifting


You had 6 spell levels left.
You didn't know any spells.
Your spell library was empty.

Dungeon Overview and Level Annotations

Branches:
Dungeon (5/15) Zot: 26077 Ossuary (visited)
 Temple: D:4-7

Altars:
Dithmenos
Kikubaaqudgha
Makhleb
Vehumet

Shops:
D:2 :

Annotations:
D:4 1 runed translucent door, Crazy Yiuf


Innate Abilities, Weirdness & Mutations

You are something dangerously unstable.
You glow with magical radiation, making you easy to see and hit.
Foes you strike become dangerously contaminated with magical radiation.
You are incapable of wielding weapons or throwing items.
You are too large for most types of armour.
You have claws for hands.
Your natural rate of healing is unusually fast.
You are covered in fur. (AC +1)
You have tough skin. (AC +1)


Message History

The gnoll hits you with a +0 club!
The gnoll hits you from afar with a +0 spear.
The gnoll sergeant hits you from afar with a +1 spear of venom!
You are poisoned.
The gnoll attacks as it pursues you!
The gnoll hits you from afar with a +0 spear.
You feel very sick.
You are no longer poisoned.
The gnoll throws a throwing net.
You see here a throwing net.
The gnoll sergeant hits you with a +1 spear of venom!
* * * LOW HITPOINT WARNING * * *
You are poisoned.
You scratch the gnoll sergeant but do no damage.
The gnoll sergeant begins to glow.
The gnoll sergeant is lightly wounded.
You feel very sick.
You are more poisoned.
The gnoll sergeant blocks your attack.
The gnoll sergeant is lightly wounded.
You feel very sick. The gnoll sergeant blocks your attack.
The gnoll sergeant is lightly wounded.
You feel very sick.
The gnoll sergeant hits you with a +1 spear of venom.
* * * LOW HITPOINT WARNING * * *
You are more poisoned.
You scratch the gnoll sergeant.
The gnoll sergeant glows dangerously bright.
The gnoll sergeant is moderately wounded.
You feel very sick.
The gnoll sergeant hits you with a +1 spear of venom!
* * * LOW HITPOINT WARNING * * *
You are more poisoned.
It was a potion of enlightenment.
You feel very buoyant.
You fly up into the air.
* * * LOW HITPOINT WARNING * * *
You feel extremely sick.
The gnoll sergeant hits you with a +1 spear of venom.
You die...

##................#
#####............#
+............#
###.......(...##
.......gg.....##
.#######g###### #g#
.### #g# ...# #p# .
#.######.#### #.###
##.....#.....##
....##.............##
#.................#
#...............#
#######....)..........#
....))................#
#######...............#


You could see a gnoll sergeant (heavy contam) and 4 gnolls.

Vanquished Creatures
  Grinder (D:4)
  2 scorpions
  A hound (D:4)
  A gnoll bouda (D:4)
  2 orc priests (D:5)
  3 iguanas
  3 orc wizards
  8 mummies (Ossuary)
  5 gnolls
  4 adders
  A white imp (D:5)
  3 worms
  3 dart slugs
  14 orcs
  5 endoplasms
  4 giant cockroaches
  3 gnoll zombies (Ossuary)
  4 goblins
  5 hobgoblins
  3 jackals (D:2)
  2 quokkas
  5 ball pythons
  4 bats
  15 frilled lizards
  A goblin zombie (D:4)
  A hobgoblin zombie (Ossuary)
  9 kobolds
  2 kobold zombies (Ossuary)
  2 orc zombies (Ossuary)
  3 rats
  A rat zombie (D:4)
120 creatures vanquished.

Notes
Turn   | Place    | Note
-------+----------+-------------------------------------------
     0 | D:1      | iguanaiguana the Troll Shapeshifter began the quest for the
                  | Orb.
     0 | D:1      | Reached XP level 1. HP: 18/18 MP: 0/0
    58 | D:1      | Reached skill level 1 in Fighting
   284 | D:1      | Reached XP level 2. HP: 28/28 MP: 1/1
   852 | D:2      | Reached XP level 3. HP: 36/36 MP: 2/2
  1208 | D:2      | Found Luasmox's Book Boutique.
  1988 | D:3      | Reached XP level 4. HP: 45/45 MP: 3/3
  2081 | D:3      | Found a radiant altar of Vehumet.
  2458 | D:3      | Found a burning altar of Makhleb.
  2535 | D:3      | Found a shadowy altar of Dithmenos.
  2669 | D:4      | Noticed Grinder
  2676 | D:4      | Reached skill level 4 in Shapeshifting
  2676 | D:4      | Reached XP level 5. HP: 53/53 MP: 4/4
  2685 | D:4      | Paralysed by Grinder for 4 turns
  2696 | D:4      | Killed Grinder
  2697 | D:4      | Reached skill level 5 in Shapeshifting
  2697 | D:4      | Reached XP level 6. HP: 42/61 MP: 2/5
  2750 | D:4      | Found a runed translucent door.
  2751 | D:4      | Noticed Crazy Yiuf
  2782 | D:4      | Found an ancient bone altar of Kikubaaqudgha.
  2929 | D:4      | Reached skill level 6 in Shapeshifting
  2937 | D:4      | Found a sand-covered staircase.
  2944 | Ossuary  | Entered an ossuary
  3268 | D:4      | Reached XP level 7. HP: 57/67 MP: 4/6
  3683 | D:4      | Reached skill level 7 in Shapeshifting
  3998 | D:5      | Entered Level 5 of the Dungeon
  4163 | D:5      | Reached skill level 8 in Shapeshifting
  4245 | D:5      | HP: 3/67 [poisoned by a gnoll sergeant]
  4245 | D:5      | Slain by a gnoll sergeant

Illustrated notes

Levels and vault maps discovered:
D:1:      wheals_arrival_linesprint, layout_loops_ring, minmay_lizard_king
D:2:      layout_basic, serial_shops, nicolae_shop_crystal,
          kennysheep_generic_room_8
D:3:      layout_basic, general_overflow_altar, nicolae_vehumet_altar_sigil,
          lightli_temple_of_fire, reono_crystal_passage
D:4:      layout_loops_cross, mainiacjoe_overflow_boulevard, enter_ossuary_4,
          minmay_puff, uniq_grinder, uniq_crazy_yiuf_cottage
D:5:      layout_rooms, mainiacjoe_overflow_surrounded_room,
          pf_guarded_unrand_woodcutter, uniq_duvessa

Skill      XL: |  1  2  3  4  5  6  7 |
---------------+----------------------+-----
Fighting       | 1 2 3 |  3.0
Shapeshifting  | 4 5 6 8 |  8.1
Dodging        | |  1.5
Unarmed Combat | |  3.0

Action                     |  1- 3 |  4- 6 |  7- 9 || total
---------------------------+-------+-------+-------++-------
  Melee: Unarmed           |   126 |   136 |    92 ||   354
         Punch             |     2 |     2 |     1 ||     5
    Use: Potion            |       |     1 |     1 ||     2
 Armour: Animal skin       |    81 |    95 |    72 ||   248
         Skin              |       |    11 |       ||    11
  Dodge: Dodged            |    53 |    73 |    44 ||   170
   Form: Flux              |       |       |     1 ||     1

Table legend: (Time is in decaauts)
 A = Elapsed time spent in this place.
 B = Non-inter-level travel time spent in this place.
 C = Inter-level travel time spent in this place.
 D = Time resting spent in this place.
 E = Time spent auto-exploring this place.
 F = Levels seen in this place.
 G = Mean time per level.
                   A        B        C        D        E       F      G
               +--------+--------+--------+--------+--------+-----+--------+
         Total |   4222 |   4001 |    221 |     80 |   2886 |   6 |  703.7 |
       Dungeon |   3921 |   3700 |    221 |     76 |   2776 |   5 |  784.2 |
       Ossuary |    301 |    301 |      0 |      4 |    110 |   1 |  301.0 |
               +--------+--------+--------+--------+--------+-----+--------+

Top non-repeatable levels by time:
     D:4: 1060 daAuts
     D:2: 976 daAuts
     D:3: 856 daAuts
     D:1: 783 daAuts
 Ossuary: 301 daAuts
     D:5: 244 daAuts
